 Dungeon Crawl Stone Soup version 0.30-a0-972-gf3ab3527aa (webtiles) character file.

Game seed: 11634424018240766389

36547 DeathPants the Cleaver (level 13, -4/74 HPs)
             Began as a Vine Stalker Fighter on Mar 31, 2023.
             Was an Initiate of Gozag.
             Slain by a catoblepas (15 damage)
             ... on level 4 of the Lair of Beasts.
             The game lasted 00:40:22 (13204 turns).

DeathPants the Cleaver (Vine Stalker Fighter)      Turns: 13204, Time: 00:40:22

Health: -4/74      AC: 14    Str: 22    XL:     13   Next: 91%
Magic:  0/21       EV: 17    Int: 18    God:    Gozag
Gold:   3183       SH:  6    Dex: 14    Spells: 11/21 levels left

rFire   . . .      SeeInvis +    a - +1 war axe (heavy)
rCold   + . .      Faith    .    c - +0 buckler
rNeg    . . .      Spirit   +    A - +0 steam dragon scales
rPois   .          Reflect  .    q - +2 helmet {SInv}
rElec   .          Rampage  .    g - +2 cloak
rCorr   .                        m - +2 pair of gloves
Will    +....                    (no boots)
Stlth   +                        E - amulet of magic regeneration
HPRegen 1.12/turn                i - ring "Taxuck" {rC+ Str+2 Int+6}
MPRegen 0.57/turn                C - +6 ring of evasion

@: no status effects
A: fangs 3, regeneration 1, magic shield, antimagic bite, no potion heal 2
a: Renounce Religion, Potion Petition, Call Merchant, Bribe Branch


You were on level 4 of the Lair of Beasts.
You worshipped Gozag.
Gozag was most pleased with you.
You visited 3 branches of the dungeon, and saw 19 of its levels.

You collected 4766 gold pieces.
You spent 728 gold pieces at shops.
You paid 855 gold pieces to Gozag.

Inventory:

Hand Weapons
 a - a +1 heavy war axe (weapon)
 b - a +0 war axe of protection
 u - a +0 hand axe of flaming
Missiles
 j - 4 throwing nets
 K - 2 boomerangs (quivered)
 N - 6 javelins
Armour
 c - a +0 buckler (worn)
 g - a +2 cloak (worn)
 m - a +2 pair of gloves (worn)
 q - a +2 helmet of see invisible (worn)
 A - +0 steam dragon scales (worn)
Jewellery
 i - the ring "Taxuck" (left hand) {rC+ Str+2 Int+6}
   (You found it on level 2 of the Dungeon)

   [ring of intelligence]

   Str:       It affects your strength (+2).
   Int:       It affects your intelligence (+6).
   rC:        It protects you from cold.
 B - a ring of protection from fire
 C - a +6 ring of evasion (right hand)
 E - an amulet of magic regeneration (around neck)
 F - a ring of willpower
Wands
 n - a wand of digging (6)
 o - a wand of iceblast (4)
 y - a wand of polymorph (4)
 H - a wand of mindburst (3)
 L - a wand of flame (10)
Scrolls
 e - 9 scrolls of fear
 k - a scroll of brand weapon
 p - 2 scrolls of enchant weapon
 r - 2 scrolls of magic mapping
 s - a scroll of butterflies
 t - a scroll of blinking
 x - 3 scrolls of fog
Potions
 d - 5 potions of lignification
 f - a potion of mutation
 h - 2 potions of curing
 l - 3 potions of attraction
 w - a potion of magic
 z - 2 potions of flight
 D - 2 potions of brilliance
 I - 3 potions of resistance
 J - a potion of invisibility
 M - a potion of berserk rage
Miscellaneous
 G - a box of beasts


   Skills:
 + Level 11.1 Fighting
 + Level 12.8 Axes
 - Level 2.4 Armour
 - Level 7.5 Shields
 - Level 4.9 Spellcasting
 - Level 7.8 Conjurations
 + Level 3.7 Hexes
 + Level 8.8 Transmutations


You had 11 spell levels left.
You knew the following spells:

 Your Spells              Type           Power      Damage    Failure   Level
a - Irradiate             Conj/Tmut      17%        3d17      14%         5
b - Yara's Violent Unrav  Hex/Tmut       13%        3d7       34%         5

Your spell library contained the following spells:

 Spells                   Type           Power      Damage    Failure   Level
 Magic Dart               Conj           100%       1d8       1%          1
 Momentum Strike          Conj/Tloc      36%        3d9       4%          2
 Passwall                 Tmut/Erth      16%        N/A       4%          2
 Static Discharge         Conj/Air       36%        2-4/arc   4%          2
 Spider Form              Tmut/Pois      20%        N/A       9%          3
 Tukima's Dance           Hex            17%        N/A       11%         3
 Ensorcelled Hibernation  Hex/Ice        22%        N/A       12%         2
 Necrotise                Necr           16%        1d4       17%         1
 Mephitic Cloud           Conj/Pois/Air  13%        N/A       17%         3
 Blink                    Tloc           8%         N/A       26%         2
 Call Imp                 Summ           4%         N/A       26%         2
 Cigotuvi's Dreadful Rot  Necr/Pois/Air  8%         N/A       26%         2
 Lesser Beckoning         Tloc           8%         N/A       26%         2
 Sublimation of Blood     Necr           4%         N/A       26%         2
 Petrify                  Tmut/Erth      20%        N/A       26%         4
 Gell's Gravitas          Tloc           4%         N/A       45%         3
 Teleport Other           Tloc           4%         N/A       45%         3
 Vampiric Draining        Necr           4%         2d6       45%         3
 Vhi's Electric Charge    Tloc/Air       8%         N/A       45%         3
 Anguish                  Hex/Necr       5%         N/A       58%         4
 Arcjolt                  Conj/Air       9%         1d19      65%         5
 Dispel Undead            Necr           4%         3d7       86%         4
 Manifold Assault         Tloc           4%         N/A       86%         4
 Passage of Golubria      Tloc           4%         N/A       86%         4
 Summon Mana Viper        Hex/Summ       11%        N/A       91%         5
 Agony                    Necr           4%         N/A       99%         5
 Lee's Rapid Deconstruct  Erth           2%         3d4*      99%         5
 Plasma Beam              Fire/Air       2%         2x1d8     99%         5
 Death Channel            Necr           2%         N/A       100%        6
 Summon Cactus Giant      Summ           2%         N/A       100%        6
 Storm Form               Tmut/Air       10%        N/A       100%        7


Dungeon Overview and Level Annotations

Branches:
Dungeon (13/15)            Temple (1/1) D:6            Lair (5/5) D:10
 Shoals (0/4) Lair:2       Spider (0/4) Lair:3        Slime (0/5) Lair:4
    Orc (0/2) D:11
 Vaults: D:13-14

Altars:
Ashenzari
Cheibriados
Dithmenos
Elyvilon
Fedhas
Gozag
Hepliaklqana
Kikubaaqudgha
Makhleb
Nemelex Xobeh
Okawaru
Qazlal
Ru
Sif Muna
Trog
Uskayaw
Vehumet
Wu Jian
Xom
Yredelemnul
Zin
The Shining One
Jiyva

Shops:
D:8 =   D:12 *   Lair:2 (

Annotations:
D:12 Sonja


Innate Abilities, Weirdness & Mutations

You have razor-sharp teeth.
Your natural rate of healing is unusually fast.
When hurt, damage is shared between your health and your magic reserves.
Your bite disrupts and absorbs the magic of your enemies.
Potions cannot restore your health.


Message History

You bite the catoblepas, but do no damage.
The catoblepas is moderately wounded.
The catoblepas gores you!!
You hit the catoblepas. You bite the catoblepas. You drain its power.
You feel invigorated.
The catoblepas is moderately wounded.
The catoblepas breathes a plume of calcifying dust at you.
The blast of calcifying dust hits you but does no damage.
The catoblepas closely misses you.
You slash the catoblepas!
You bite the catoblepas, but do no damage.
The catoblepas is heavily wounded.
You are engulfed in calcifying dust.
The catoblepas breathes a plume of calcifying dust at you.
The blast of calcifying dust hits you!
You slice the catoblepas!!
You bite the catoblepas, but do no damage.
The catoblepas is almost dead.
You are engulfed in calcifying dust.
The catoblepas breathes a plume of calcifying dust at you.
The blast of calcifying dust hits you. The catoblepas gores you!!
You hit the catoblepas.
You bite the catoblepas, but do no damage.
The catoblepas is almost dead.
The catoblepas gores you!!
* * * LOW HITPOINT WARNING * * *
The catoblepas breathes a plume of calcifying dust at you.
The blast of calcifying dust hits you but does no damage.
The catoblepas breathes a plume of calcifying dust at you.
The blast of calcifying dust hits you.
* * * LOW HITPOINT WARNING * * *
The catoblepas breathes a plume of calcifying dust at you.
The blast of calcifying dust hits you.
* * * LOW HITPOINT WARNING * * *
The catoblepas breathes a plume of calcifying dust at you.
The blast of calcifying dust hits you but does no damage.
The catoblepas gores you!!
You die...
Your body crumbles into a pile of gold.

###...## ##....#
#.#...## ##....#
####...## #.....#
#....## #.....#
##....####[...#
#.#...###....#
##.....#.....##
####...#....P#
#§..Y@....##
###.§§§....#
......§.§.§...##
.....§..§..§...##
....§...§...§.#.####
...§....§....§.#.#.#
#.###.#####...§...##
.# ## ####.§<..#
##....#


You could see a catoblepas.

Vanquished Creatures
  Kirke (Lair:3)
  Harold (Lair:1)
  A hydra (Lair:1)
  A boulder beetle (Lair:1)
  5 death yaks (Lair:1)
  Urug (Lair:4)
  Nergalle (Lair:2)
  A skyshark (Lair:3)
  2 harpies (Lair:2)
  2 deep elf pyromancers
  3 cyclopes
  4 elephants (Lair:3)
  A black mamba (Lair:4)
  Joseph (D:8)
  8 cane toads
  A gargoyle (D:11)
  4 komodo dragons
  Maggie (D:8)
  Psyche (D:12)
  3 kobold demonologists
  2 rime drakes
  An efreet (D:12)
  A queen bee (Lair:1)
  A meliai (Lair:3)
  4 blink frogs (Lair:1)
  7 dream sheep (Lair:4)
  33 yaks
  2 wraiths
  6 wyverns
  3 basilisks
  4 hogs (Lair:3)
  Grum (D:8)
  A warg (D:11)
  Edmund (D:6)
  Duvessa (D:7)
  9 water moccasins
  4 black bears
  3 sky beasts
  4 orc warriors
  An ogre (D:7)
  18 wolves
  6 centaurs
  3 kobold brigands
  11 bullfrogs
  2 gnoll sergeants
  2 scorpions
  7 wights
  Dowan (D:7)
  38 killer bees
  4 electric eels (Lair:1)
  4 howler monkeys
  A gnoll bouda (D:9)
  A hound (D:5)
  3 jellies
  5 orc priests
  Crazy Yiuf (D:4)
  8 iguanas
  7 orc wizards
  6 hell rats (Lair:3)
  20 gnolls
  7 adders
  2 shadow imps
  5 ufetubi
  2 worms
  4 dart slugs
  30 orcs
  4 bats
  6 endoplasms
  6 giant cockroaches
  8 goblins
  6 hobgoblins
  5 jackals
  23 kobolds
  4 quokkas
  7 ball pythons
  2 frilled lizards (D:1)
  11 rats
412 creatures vanquished.

Vanquished Creatures (collateral kills)
  An orc wizard (D:12)
1 creature vanquished.

Vanquished Creatures (others)
  A wyvern (D:10)
  A yak (D:10)
  A swamp drake (D:10)
  A centaur (D:10)
  A howler monkey (D:11)
  30 fungi
  22 plants
57 creatures vanquished.

Grand Total: 470 creatures vanquished

Notes
Turn   | Place    | Note
-------+----------+-------------------------------------------
     0 | D:1      | DeathPants the Vine Stalker Fighter began the quest for the
                  | Orb.
     0 | D:1      | Reached XP level 1. HP: 11/11 MP: 2/2
    42 | D:1      | Reached skill level 2 in Axes
    63 | D:2      | Reached XP level 2. HP: 16/16 MP: 3/3
   205 | D:1      | Reached XP level 3. HP: 20/20 MP: 4/4
   710 | D:2      | Identified the ring "Taxuck" {rC+ Str+2 Int+6}
   920 | D:2      | Reached skill level 3 in Axes
   920 | D:2      | Gained mutation: Your natural rate of healing is unusually
                  | fast. [Vine Stalker growth]
   920 | D:2      | Reached XP level 4. HP: 18/24 MP: 3/5
  1205 | D:2      | Found a shimmering altar of Xom.
  1478 | D:3      | Reached XP level 5. HP: 28/28 MP: 6/6
  1541 | D:3      | Found a faded altar of an unknown god.
  1887 | D:4      | Reached skill level 4 in Axes
  1908 | D:4      | Reached XP level 6. HP: 28/33 MP: 5/7
  1972 | D:4      | Identified the +1 whip of the Endless Loafs {heavy, *Noise
                  | Str+4}
  2273 | D:5      | Entered Level 5 of the Dungeon
  2395 | D:4      | Found a faded altar of an unknown god.
  2490 | D:4      | Found an iron altar of Okawaru.
  2789 | D:4      | Found a runed translucent door.
  2790 | D:4      | Noticed Crazy Yiuf
  2797 | D:4      | Killed Crazy Yiuf
  3016 | D:5      | Noticed a black bear
  3026 | D:5      | Killed a black bear
  3027 | D:5      | Reached skill level 5 in Axes
  3027 | D:5      | Reached XP level 7. HP: 33/37 MP: 6/8
  3340 | D:5      | Identified a scroll of acquirement
  3340 | D:5      | Acquired 918 gold pieces
  3524 | D:6      | Noticed Edmund
  3537 | D:6      | Killed Edmund
  3538 | D:6      | Reached skill level 6 in Axes
  3538 | D:6      | Gained mutation: You have razor-sharp teeth. [Vine Stalker
                  | growth]
  3538 | D:6      | Reached XP level 8. HP: 20/42 MP: 4/9
  3614 | D:6      | Reached skill level 5 in Fighting
  3744 | D:6      | Reached skill level 5 in Shields
  3934 | D:6      | Found a staircase to the Ecumenical Temple.
  3946 | Temple   | Entered the Ecumenical Temple
  4031 | Temple   | Became a worshipper of Gozag Ym Sagoz the Greedy
  4343 | D:6      | Reached skill level 7 in Axes
  4505 | D:7      | Reached XP level 9. HP: 48/48 MP: 8/10
  4586 | D:7      | Noticed Dowan
  4587 | D:7      | Noticed Duvessa
  4597 | D:7      | Killed Duvessa
  4600 | D:7      | Killed Dowan
  4719 | D:7      | Reached skill level 8 in Axes
  4760 | D:7      | Found a white marble altar of Elyvilon.
  5000 | D:8      | Noticed Maggie
  5018 | D:8      | Killed Maggie
  5049 | D:7      | Learned a level 5 spell: Irradiate
  5154 | D:8      | Reached skill level 9 in Axes
  5217 | D:9      | Reached XP level 10. HP: 45/53 MP: 9/12
  5219 | D:9      | Reached skill level 1 in Spellcasting
  5266 | D:8      | Noticed Grum
  5280 | D:8      | Killed Grum
  5479 | D:8      | Found Ysiniuph's One-of-a-Kind Rings.
  5483 | D:8      | Noticed Joseph
  5504 | D:8      | Killed Joseph
  5512 | D:8      | Bought a +6 ring of evasion for 540 gold pieces
  6112 | D:9      | Found a hide-covered altar of Uskayaw.
  6203 | D:10     | Entered Level 10 of the Dungeon
  6260 | D:9      | Reached skill level 10 in Axes
  6600 | D:9      | Reached skill level 1 in Conjurations
  6600 | D:9      | Reached skill level 1 in Transmutations
  6887 | D:10     | Noticed a kobold demonologist
  6900 | D:10     | Killed a kobold demonologist
  6901 | D:10     | Reached XP level 11. HP: 60/60 MP: 16/18
  7295 | D:10     | Found a blossoming altar of Fedhas.
  7433 | D:10     | Found a staircase to the Lair.
  7712 | D:10     | Found a burning altar of Makhleb.
  7884 | D:11     | Noticed a cyclops
  7893 | D:11     | Killed a cyclops
  8023 | D:11     | Noticed a cyclops
  8031 | D:11     | Killed a cyclops
  8137 | D:11     | Noticed a soul eater
  8184 | D:11     | Found a staircase to the Orcish Mines.
  8362 | D:11     | Noticed a deep elf pyromancer
  8368 | D:11     | Killed a deep elf pyromancer
  8369 | D:11     | Reached skill level 11 in Axes
  9030 | D:12     | Reached XP level 12. HP: 65/65 MP: 20/20
  9067 | D:12     | Noticed a two-headed ogre
  9073 | D:12     | Reached skill level 5 in Conjurations
  9073 | D:12     | Reached skill level 5 in Transmutations
  9104 | D:12     | Noticed Psyche
  9116 | D:12     | Killed Psyche
  9215 | D:12     | Noticed Sonja
  9236 | D:12     | HP: 1/66 [poisoned by Sonja]
  9246 | D:12     | Found Roedwu's Neck Hole.
  9418 | Lair:1   | Entered Level 1 of the Lair of Beasts
  9442 | Lair:1   | Noticed a boulder beetle
  9514 | Lair:1   | Killed a boulder beetle
  9621 | Lair:1   | Noticed a six-headed hydra
  9631 | Lair:1   | Killed a five-headed hydra
  9775 | Lair:2   | Got the Directory of Accomplices and the Lithosphere
  9861 | Lair:1   | Noticed a death yak
  9861 | Lair:1   | Noticed a death yak
  9861 | Lair:1   | Noticed a death yak
  9861 | Lair:1   | Noticed a death yak
  9861 | Lair:1   | Noticed a death yak
  9877 | Lair:1   | Killed a death yak
  9900 | Lair:1   | Killed a death yak
  9909 | Lair:1   | Killed a death yak
  9914 | Lair:1   | Killed a death yak
  9920 | Lair:1   | Killed a death yak
 10280 | Lair:1   | Reached skill level 10 in Fighting
 10336 | Lair:1   | Reached skill level 12 in Axes
 10533 | Lair:1   | Noticed Harold
 10553 | Lair:1   | Killed Harold
 10554 | Lair:1   | Reached XP level 13. HP: 72/72 MP: 21/21
 10878 | Lair:2   | Noticed Nergalle
 10892 | Lair:2   | Killed Nergalle
 10917 | Lair:2   | HP: 1/72 [poisoned by a cane toad]
 11188 | Lair:2   | Found a staircase to the Shoals.
 11485 | Lair:2   | Bought a glowing war axe for 188 gold pieces
 11812 | Lair:3   | Learned a level 5 spell: Yara's Violent Unravelling
 11816 | Lair:4   | Found a staircase to the Slime Pits.
 11816 | Lair:4   | Found a viscous altar of Jiyva.
 12064 | Lair:3   | Reached skill level 1 in Hexes
 12136 | Lair:3   | Found a hole to the Spider Nest.
 12241 | Lair:3   | Noticed Kirke
 12252 | Lair:3   | Killed Kirke
 12463 | Lair:3   | Identified the +0 chain mail of Purpose {+Blink rC++ Regen+
                  | Int-4}
 12722 | Lair:4   | Noticed Urug
 12732 | Lair:4   | Killed Urug
 12874 | Lair:5   | Entered Level 5 of the Lair of Beasts
 13204 | Lair:4   | Slain by a catoblepas

Illustrated notes

Levels and vault maps discovered:
D:1:      onia_arrival_handbag, layout_loops_cross, minmay_worlds_worst_comb
D:2:      layout_loops_cross, basic_altar
D:3:      layout_loops_ring, hellmonk_ecumenical_altar_pennies_from_heaven,
          minmay_close_crescents
D:4:      layout_cave_pools, okawaru_trees_2, serial_column_ruins,
          column_ruins_square_medium, column_ruins_temple_circle,
          column_ruins_open_medium, column_ruins_open_tiny, column_ruins_grid_3,
          column_ruins_open_medium, column_ruins_open_small,
          column_ruins_columns_water, kennysheep_nub, uniq_crazy_yiuf_cottage
D:5:      layout_cave_pools, hangedman_decor_clover_reticule
D:6:      layout_gridville, temple_hall, kennysheep_generic_room_11, uniq_edmund
D:7:      layout_rooms, lemuel_coloured_pillars_altar, uniq_duvessa
D:8:      layout_basic, minmay_misc_feat_tower, nicolae_shop_unique_rings,
          uniq_joseph, uniq_maggie, uniq_grum
D:9:      layout_loops_ring, nicolae_overflow_crystal_walls
D:10:     layout_roguey, lightli_temple_of_fire, amcnicky_altar_gilded,
          erik_lair_dragon, chequers_jeans
D:11:     layout_cave_pods, erik_orc_3
D:12:     layout_basic, nicolae_shop_sticking_my_neck_out, uniq_psyche,
          uniq_sonja
D:13:     layout_rooms, hangedman_vaults_entry_quadrant_bands
Temple:   nicolae_temple_bog_church
Lair:1:   layout_roguey, serial_bayou, serial_bayou_lagoon_a,
          serial_bayou_crossing, serial_bayou_pond_b, serial_bayou_pond_e,
          serial_bayou_pond_a, special_room [special_room_bee],
          portal_ice_cave_entry_pillars_1, st_stairs_7, guppyfry_lair_drakes,
          infiniplex_staircase_pool, uniq_harold
Lair:2:   layout_loops_ring, nicolae_shoals_entry_roost,
          dreamdust_mushroom_princess, lemuel_fruit_fields, uniq_nergalle
Lair:3:   layout_concentric_octagons, hellmonk_spider_entry_not_the_bees,
          uniq_kirke
Lair:4:   layout_hall_layers, slime_entry_1, chequers_serial_rivers_small_a,
          uniq_urug
Lair:5:   wormcave, layout_concentric_octagons, guppyfry_lair_end_dragon

Skill      XL: |  1  2  3  4  5  6  7  8  9 10 11 12 13 |
---------------+----------------------------------------+-----
Axes           | 2 3 4 5 6 7 9 10 11 12 | 12.8
Fighting       | 3 4 5 6 7 8 10 11 | 11.1
Shields        | 3 4 5 6 7 |  7.5
Spellcasting   | 4 |  4.9
Conjurations   | 2 4 7 |  7.8
Transmutations | 1 4 7 8 |  8.8
Hexes          | 3 |  3.7
Armour         | |  2.4

Action                     |  1- 3 |  4- 6 |  7- 9 | 10-12 | 13-15 || total
---------------------------+-------+-------+-------+-------+-------++-------
  Melee: War axe           |    87 |    28 |   183 |   593 |   249 ||  1140
         Bite              |    13 |    45 |    64 |   251 |    95 ||   468
         Hand axe          |       |   124 |    64 |   169 |    11 ||   368
  Throw: Dart              |       |     3 |     3 |     3 |       ||     9
 Invoke: Call Merchant     |       |       |       |       |     1 ||     1
  Evoke: Wand              |       |       |     1 |     1 |       ||     2
         Box of beasts     |       |       |       |     1 |       ||     1
    Use: Scroll            |       |     9 |     7 |    11 |     7 ||    34
         Potion            |       |     1 |       |     7 |     2 ||    10
   Stab: Distracted        |       |       |       |     8 |     4 ||    12
         Confused          |       |       |       |     1 |       ||     1
 Armour: Scale mail        |    36 |    92 |   146 |       |       ||   274
         Steam dragon scal |       |       |    10 |   249 |   104 ||   363
  Dodge: Dodged            |    36 |    87 |   114 |   617 |   237 ||  1091
  Block: Buckler           |    27 |    54 |    71 |   265 |    83 ||   500

Table legend: (Time is in decaauts)
 A = Elapsed time spent in this place.
 B = Non-inter-level travel time spent in this place.
 C = Inter-level travel time spent in this place.
 D = Time resting spent in this place.
 E = Time spent auto-exploring this place.
 F = Levels seen in this place.
 G = Mean time per level.
                   A        B        C        D        E       F      G
               +--------+--------+--------+--------+--------+-----+--------+
         Total |  13366 |  12996 |    370 |    106 |   8470 |  19 |  703.5 |
       Dungeon |   9461 |   9145 |    316 |     92 |   5943 |  13 |  727.8 |
        Temple |    106 |     95 |     11 |      0 |     75 |   1 |  106.0 |
          Lair |   3798 |   3755 |     43 |     14 |   2451 |   5 |  759.6 |
               +--------+--------+--------+--------+--------+-----+--------+

Top non-repeatable levels by time:
  Lair:1: 1362 daAuts
    D:11: 1266 daAuts
  Lair:3: 1088 daAuts
    D:10: 1011 daAuts
     D:6: 994 daAuts
     D:8: 892 daAuts
     D:9: 857 daAuts
  Lair:2: 796 daAuts
     D:3: 741 daAuts
     D:2: 719 daAuts
     D:1: 697 daAuts
     D:7: 697 daAuts
     D:4: 653 daAuts
     D:5: 609 daAuts
  Lair:4: 515 daAuts
